[Event "Late-Titled-Tuesday-Blitz-April-16-2024"]
[Site "Chess.com"]
[Date "2024.04.16"]
[Round "10"]
[White "FairChess_on_YouTube"]
[Black "sergiochess83"]
[Result "0-1"]
[WhiteElo "3074"]
[BlackElo "2964"]
[TimeControl "180+1"]
[EndTime "15:55:04 PDT"]
[Termination "sergiochess83 won by resignation"]

1. e4 e5 2. Bc4 Nf6 3. d3 c6 4. Nf3 d5 5. Bb3 Bb4+ 6. Bd2 Bxd2+ 7. Qxd2 O-O 8. Nc3 Re8 9. Qg5 h6 10. Qh4 a5 11. exd5 a4 12. Nxa4 e4 13. O-O-O exf3 14. gxf3 Nxd5 15. Qxd8 Rxd8 16. Rhe1 Be6 17. Nc5 Bc8 18.
Re4 Nd7 19. Nxd7 Bxd7 20. Rde1 Be6 21. a3 Nc7 22. Rb4 b5 23. Bxe6 Nxe6 24. Rbe4 g5 25. Kd2 Kg7 26. Kc3 Rd5 27. h4 Kf6 28. hxg5+ hxg5 29. Rh1 Rf5 30. Re3 Ra4 31. d4 Rc4+ 32. Kb3 Nxd4+ 33. Ka2 Rxc2 34. Rh6+ Kg7 35. Rd6 Nxf3 36.
Kb3 Rxf2 37. Kb4 g4 38. Rd8 Rxb2+ 39. Ka5 b4+ 40. Ka4 bxa3 41. Ree8 Rg5 42. Rg8+ Kf6 43. Rd6+ Ke7 44. Rgd8 Ne5 45. Kxa3 Rf2 46. Kb3 g3 47.
Rd1 g2 48. Ra8 g1=Q 49. Ra7+ Ke6 50. Rd6+ Kxd6 51. Rd7+ 0-1

[Event "Late-Titled-Tuesday-Blitz-April-16-2024"]
[Site "Chess.com"]
[Date "2024.04.16"]
[Round "10"]
[White "ArchibaldCerveza29"]
[Black "CrushingKings"]
[Result "0-1"]
[WhiteElo "2383"]
[BlackElo "2599"]
[TimeControl "180+1"]
[EndTime "15:55:06 PDT"]
[Termination "CrushingKings won on time"]

1. e4 g6 2. d4 Bg7 3. Nc3 c6 4. h4 h5 5. Nh3 d5 6. e5 Bxh3 7. Rxh3 c5 8. dxc5 e6 9. f4 Nh6 10. a3 Nf5 11. Bd3 Nxh4 12. Kf1 Nc6 13. Nb5 O-O 14. Nd6 Rb8 15. b4 Ne7 16. Rxh4 b6 17. Be3 f6 18. Kg1 fxe5 19. fxe5 Nc6 20. Rh3 Nxe5 21. Rc1 Ng4 22. Bxg6 Qf6 23. Bh7+ Kh8 24. Rxh5 Nxe3 25. Bg6+ Kg8 26. Bh7+ Kh8 27. Bg6+ Bh6 28. Rxh6+ Kg7 29. Rh7+ Kg8 30. Bf7+ Kxh7 31. Qh5+ Kg7 32. Re1 Rh8 33. Qg6+ Qxg6 34. Bxg6 Kxg6 35. Rxe3 bxc5 36. Rxe6+ Kg5 37. bxc5 Rb1+ 38. Kf2 Rf8+ 39. Ke2 Rb2 40. Re5+ Kf4 41. Rxd5 Rxc2+ 42. Kd3 Rc1 43. Rd4+ Ke5 44. Rh4 Rxc5 45. Nc4+ Ke6 46. Rh6+ Kd5 47. Rh5+ Kc6 48.
Rh6+ Kb7 49. Nd6+ Kc7 50. Ne4 Ra5 51. Kc4 Ra4+ 52. Kd5 Rd8+ 53. Kc5 Rxe4 54. Rh7+ Rd7 0-1

[Event "Late-Titled-Tuesday-Blitz-April-16-2024"]
[Site "Chess.com"]
[Date "2024.04.16"]
[Round "10"]
[White "cthulhuuu"]
[Black "rdarruda"]
[Result "1-0"]
[WhiteElo "2471"]
[BlackElo "2536"]
[TimeControl "180+1"]
[EndTime "15:55:07 PDT"]
[Termination "cthulhuuu won on time"]

1. e4 c5 2. Nf3 Nc6 3. g3 d5 4.
exd5 Qxd5 5. Nc3 Qe6+ 6. Qe2 Qxe2+ 7. Bxe2 Nf6 8. O-O Bf5 9. d4 cxd4 10. Nb5 O-O-O 11.
Bf4 a6 12. Na3 Nd5 13. Bd2 e5 14. Nc4 f6 15. Rac1 g5 16. Rfe1 Bc5 17. Bd3 Bg4 18. Kg2 h5 19. h3 Be6 20. a3 g4 21. Nh4 gxh3+ 22. Kh2 b5 23. Na5 Nxa5 24. Bxa5 Bb6 25. Bd2 Kb8 26. a4 bxa4 27. Ra1 Kb7 28. Rxa4 Ra8 29.
Rea1 a5 30. Be4 Kc6 31. Ng6 Rhd8 32. b4 Kd6 33. bxa5 Bc5 34. a6 f5 35. Bh1 e4 36.
Nf4 Nxf4 37. Bxf4+ Kd5 38. Kxh3 Ra7 39. Bg2 Rda8 40.
Bf1 Bd7 41. Bc4+ Kc6 42. Ra5 Kb6 43. Bd2 Bc6 44. Rb1+ Kc7 45. Rxc5 Kd6 46. Ra5 d3 47. Bf4+ 1-0

[Event "Late-Titled-Tuesday-Blitz-April-16-2024"]
[Site "Chess.com"]
[Date "2024.04.16"]
[Round "10"]
[White "DenLaz"]
[Black "MrTattaglia"]
[Result "1-0"]
[WhiteElo "3110"]
[BlackElo "2960"]
[TimeControl "180+1"]
[EndTime "15:55:08 PDT"]
[Termination "DenLaz won on time"]

1. d4 f5 2. Nf3 g6 3. g3 Bg7 4. Bg2 Nf6 5. O-O d6 6. c4 O-O 7. Nc3 c6 8. Qc2 Qe8 9. b4 e5 10. dxe5 dxe5 11. e4 f4 12. b5 Bg4 13. Ba3 Rf7 14. Ng5 Nbd7 15. Nxf7 Qxf7 16. c5 f3 17. Bh1 h5 18. Rfd1 Nh7 19. bxc6 bxc6 20. Rd6 Ng5 21. h4 Ne6 22. Qb3 Rb8 23. Qc4 Nd4 24. Qxf7+ Kxf7 25. Rd1 Bf8 26. R6xd4 exd4 27. Rxd4 Bg7 28. Rd3 Ne5 29. Rd4 Be6 30. Rb4 Rd8 31. Rb7+ Kg8 32. Bb4 Rd2 33. Rb8+ Kh7 34. Re8 Rc2 35. Rd8 Ng4 36.
Nd1 Ne5 37. Bc3 Rxa2 38. Bxe5 Bxe5 39. Bxf3 Bb3 40. Ne3 Kh6 41. Re8 Bd4 42. e5 Bxc5 43.
Bxc6 Bxe3 44. fxe3 Re2 45. e4 Re3 46. Kf2 Rc3 47.
Bd5 Ba4 48. Re7 a6 49. e6 1-0

[Event "Late-Titled-Tuesday-Blitz-April-16-2024"]
[Site "Chess.com"]
[Date "2024.04.16"]
[Round "10"]
[White "Bkmzzzzz"]
[Black "manitodeplomo"]
[Result "0-1"]
[WhiteElo "2401"]
[BlackElo "2642"]
[TimeControl "180+1"]
[EndTime "15:55:09 PDT"]
[Termination "manitodeplomo won by resignation"]

1. e4 Nf6 2. Nc3 c5 3. Nf3 Nc6 4. Bb5 Na5 5. O-O a6 6. Be2 b5 7. d3 d6 8. e5 dxe5 9. Nxe5 Bb7 10. Bf3 e6 11. Re1 Bd6 12. Bg5 Qc7 13. Bxb7 Qxb7 14.
Qe2 O-O-O 15. Rad1 Bxe5 16. Qxe5 Nc6 17. Qxc5 h6 18.
Bf4 Nd5 19. Bg3 Nxc3 20. Qxc3 Rhe8 21. f3 f6 22. Bf2 e5 23. Re4 Kb8 24. Ree1 g5 25.
a3 h5 26. Qc5 g4 27. fxg4 hxg4 28. Qb6 f5 29. Qxb7+ Kxb7 30. Bc5 Rd5 31. Be3 Rdd8 32. Bg5 Rc8 33. Rd2 Nd4 34. c3 Ne6 35. Bf6 Nc5 36.
Rxe5 Rxe5 37. Bxe5 Re8 38. d4 Ne4 39. Re2 Kc6 40.
h3 Kd5 41. hxg4 fxg4 42. g3 Rf8 43. Kg2 Rf3 44. Bf4 a5 45. Re1 Rf2+ 46. Kg1 Rxb2 47.
Rc1 a4 48. Kf1 Rb3 49. Rc2 Rxc3 50. Rb2 Rb3 51. Rc2 Rxa3 52. Kg2 Rb3 53. Rc8 a3 54. Rd8+ Kc4 55. d5 Rb2+ 0-1

[Event "Late-Titled-Tuesday-Blitz-April-16-2024"]
[Site "Chess.com"]
[Date "2024.04.16"]
[Round "10"]
[White "IMGC"]
[Black "BogdanDeac"]
[Result "0-1"]
[WhiteElo "2519"]
[BlackElo "3000"]
[TimeControl "180+1"]
[EndTime "15:55:12 PDT"]
[Termination "BogdanDeac won on time"]

1. d4 Nf6 2. c4 e6 3. Nc3 Bb4 4. e3 O-O 5. Bd3 d5 6. Nf3 c5 7. O-O dxc4 8. Bxc4 Nc6 9. a3 Ba5 10. Na4 cxd4 11. exd4 a6 12. b4 Bc7 13. Nc5 b6 14. Nxa6 Bxa6 15. Bxa6 Rxa6 16. b5 Ra5 17. bxc6 Qd5 18.
Bd2 Ra7 19. Bb4 Bd6 20. Rc1 Rc8 21. Ne5 Bxe5 22. dxe5 Qxe5 23. Qd2 Nd5 24. Rc2 Qf4 25. Qd3 Rac7 26. Rfc1 Rxc6 27. Bd2 Rxc2 28. Rxc2 Qb8 29. g3 h6 30. h4 Qa8 31. Rxc8+ Qxc8 32. h5 Qc6 33. Qb3 b5 34. Be3 Nf6 35. Bd4 Nxh5 36. Qd1 Qd5 37. Qg4 Qc4 38. Qxh5 Qxd4 39. Qxb5 Qa1+ 40.
Kg2 Qxa3 41. Qe8+ Qf8 42. Qd7 g6 43. Kg1 h5 44. Qc7 Qa8 45. Qe7 Qa1+ 46. Kg2 Kg7 47. Qd7 Qe5 48. Kg1 Qf6 49. Qe8 h4 50. gxh4 Qxh4 51.
Kf1 Qf4 52. Qd7 e5 53. Ke2 Qc4+ 0-1

[Event "Late-Titled-Tuesday-Blitz-April-16-2024"]
[Site "Chess.com"]
[Date "2024.04.16"]
[Round "10"]
[White "Mikhal867"]
[Black "ploxoi"]
[Result "1-0"]
[WhiteElo "2546"]
[BlackElo "2405"]
[TimeControl "180+1"]
[EndTime "15:55:14 PDT"]
[Termination "Mikhal867 won on time"]

1. d4 d5 2. c4 e6 3. Nf3 c6 4.
g3 dxc4 5. Bg2 b5 6. O-O Bb7 7. a4 a6 8. b3 cxb3 9. Qxb3 Nf6 10. Nc3 Nd5 11. Ne4 Nd7 12. Bg5 Qb6 13. Rfc1 h6 14. Bd2 Be7 15. Qc2 O-O 16. Nc5 Nxc5 17. dxc5 Qc7 18. e4 Nf6 19. Bf4 Qc8 20. Bd6 Re8 21.
e5 Nd5 22. Nd2 f6 23. Ne4 fxe5 24. Bxe5 Qd7 25. Nd6 Bxd6 26. Bxd6 Nf6 27. Re1 Rac8 28.
Rad1 Qf7 29. Qb3 Ng4 30. f4 h5 31. Be4 Nf6 32. Bb1 Nd5 33. Qd3 Nf6 34. Qc2 h4 35. Re5 hxg3 36. hxg3 Rcd8 37. Kg2 Qd7 38. Rh1 Qf7 39. Qc1 Rxd6 40. cxd6 c5+ 41. Kg1 Bxh1 42. Kxh1 Qb7+ 43. Kg1 Qd7 44. Qxc5 Rc8 45. Qe3 Qxd6 46.
Rxe6 Qd1+ 47. Qe1 Qd4+ 48. Kg2 Qd5+ 49. Kh3 Rc5 50. Re5 Qd7+ 51. Bf5 Qc7 52. Be6+ Kh7 53. axb5 axb5 54. Qb1+ 1-0

[Event "Late-Titled-Tuesday-Blitz-April-16-2024"]
[Site "Chess.com"]
[Date "2024.04.16"]
[Round "10"]
[White "Sanyura"]
[Black "Fins0905"]
[Result "0-1"]
[WhiteElo "2615"]
[BlackElo "2788"]
[TimeControl "180+1"]
[EndTime "15:55:20 PDT"]
[Termination "Fins0905 won on time"]

1. Nf3 d5 2. g3 c6 3. Bg2 Bg4 4. O-O Nd7 5. d3 Ngf6 6. Nbd2 e5 7. e4 dxe4 8. dxe4 Be7 9. h3 Bh5 10. Qe1 O-O 11. Nc4 Qc7 12. g4 Bg6 13. Nh4 Rfe8 14.
Nf5 Bf8 15. a4 Nc5 16. a5 Ne6 17. Qe2 b5 18. axb6 axb6 19. Rxa8 Rxa8 20. h4 b5 21. Nce3 Nf4 22. Qf3 h5 23. g5 Nd7 24.
Rd1 Nc5 25. Nf1 Nce6 26. N1g3 Rd8 27. Kh2 Rd7 28. Rxd7 Qxd7 29. Qc3 Nxg2 30. Kxg2 Nf4+ 31. Kh2 Qd1 32. Be3 Qf3 33. Bxf4 Qxf2+ 34. Kh3 exf4 35.
Nh1 Qe2 36. Nd4 Qxe4 37. Nf3 Bf5+ 38. Kg2 Bg4 39. Nf2 Qd5 40. Qd3 Qe6 41. Qe4 Qd6 42. c3 c5 43. Nd3 b4 44. cxb4 cxb4 45. Nxf4 Qd1 46. Ne5 Qd2+ 47. Kg3 Qxb2 48. Nxg4 hxg4 49. h5 Qc3+ 50. Kxg4 b3 51. g6 Qf6 52. gxf7+ Qxf7 53.
Ng6 b2 54. Ne5 Qe6+ 55. Kh4 Be7+ 56. Kg3 Bd6 57. Qa8+ Kh7 58. Qe4+ Kh8 59. Qa8+ Qg8 0-1

[Event "Late-Titled-Tuesday-Blitz-April-16-2024"]
[Site "Chess.com"]
[Date "2024.04.16"]
[Round "10"]
[White "expii"]
[Black "Bala-Afiada"]
[Result "1/2-1/2"]
[WhiteElo "2188"]
[BlackElo "2031"]
[TimeControl "180+1"]
[EndTime "15:55:21 PDT"]
[Termination "Game drawn by repetition"]

1. e4 c5 2. Nf3 Nc6 3. d4 cxd4 4.
Nxd4 Nf6 5. Nc3 d6 6. g3 Qb6 7. Nxc6 bxc6 8. Bg2 Ba6 9. Rb1 e5 10. Be3 Qc7 11. Ne2 Be7 12. O-O Ng4 13. Qd2 Nxe3 14. Qxe3 O-O 15. c3 Qb6 16. Qxb6 axb6 17. Rfe1 Bxe2 18. Rxe2 Rxa2 19. f4 Rfa8 20. fxe5 dxe5 21. Kf2 Bc5+ 22. Ke1 Ra1 23. Rxa1 Rxa1+ 24. Kd2 f6 25. Kc2 Kf7 26. Bh3 Ke7 27. Rd2 Bd6 28. Bg4 Re1 29. Re2 Rxe2+ 30. Bxe2 g6 31. Bg4 h5 32. Bh3 g5 33.
Bf5 Bc5 34. Kd3 Bg1 35. h3 Bf2 36. g4 h4 37. Bc8 Kd6 38. b4 Kc7 39. Bf5 Kd6 40.
Kc4 Be1 41. Kd3 b5 42. Bg6 c5 43. Be8 cxb4 44. cxb4 Bxb4 45. Bxb5 Kc5 46. Bd7 Be1 47. Bf5 Bg3 48. Kc3 Kb5 49. Bd7+ Kc5 50. Bf5 Be1+ 51. Kd3 Kb4 52. Ke2 Bg3 53. Kd3 Kb3 54. Be6+ Kb2 55. Bf5 Kc1 56. Ke2 Kc2 57. Kf3 Kd3 58. Kg2 Ke3 59. Bh7 Kf4 60. Bf5 Be1 61. Bg6 Bc3 62.
Bf5 Bd4 63. Bg6 Be3 64. Bh7 Bd4 65. Bf5 Be3 66. Bg6 Bd4 67. Bf5 Be3 68. Bg6 Bd4 69. Bh7 Be3 70. Bf5 Bd4 71. Bg6 Be3 72. Bf5 Bd4 1/2-1/2

[Event "Late-Titled-Tuesday-Blitz-April-16-2024"]
[Site "Chess.com"]
[Date "2024.04.16"]
[Round "10"]
[White "Narek_Ghimoyan"]
[Black "Nf3c5"]
[Result "0-1"]
[WhiteElo "2482"]
[BlackElo "2643"]
[TimeControl "180+1"]
[EndTime "15:55:24 PDT"]
[Termination "Nf3c5 won by resignation"]

1. d4 Nf6 2. c4 g6 3. Nc3 Bg7 4. Nf3 d6 5. g3 O-O 6. Bg2 c6 7. O-O Qa5 8. e4 e5 9. h3 exd4 10. Nxd4 Qc5 11. Be3 Qxc4 12. Rc1 Qb4 13. Qc2 Nbd7 14.
Rfd1 Ne5 15. a3 Qa5 16. Nb3 Qc7 17. Nb5 Qe7 18. Nxd6 Nh5 19. Bc5 Qf6 20. Nxc8 Rfxc8 21. Rd6 Qg5 22. h4 Qg4 23. Qd1 Qxd1+ 24. Rcxd1 Nc4 25. Rd7 b6 26. Bd4 Nxb2 27. Bxb2 Bxb2 28. a4 Bg7 29. a5 Nf6 30. Rb7 Rcb8 31. Rxb8+ Rxb8 32. e5 Ng4 33.
Bxc6 Nxe5 34. Bg2 h5 35. axb6 Rxb6 36. Nc5 a5 37. Nd7 Nxd7 38. Rxd7 Bc3 39. Bd5 Rf6 40.
Kg2 Kf8 41. Ra7 Rxf2+ 42. Kxf2 Bd4+ 43. Kf3 Bxa7 44. g4 Bc5 45. gxh5 gxh5 46. Kf4 Be7 47.
Bf3 Bxh4 48. Bxh5 Ke7 49. Bd1 Bf6 50. Kf5 Bc3 51. Bb3 f6 52. Ke4 Kd6 53. Kd3 Be5 54. Ke4 Kc5 55. Bd1 Kb4 56. Kd3 a4 57. Kc2 a3 58. Kb1 Kc3 59. Ka2 Kd2 60. Bg4 Bb2 61.
Be6 Ke3 62. Kb1 Ke4 63. Kc2 f5 64. Kd2 f4 65. Ke2 Bc1 66. Kf2 Be3+ 67. Ke2 Kd4 68.
Kf3 Kc3 69. Ke2 Kb2 70. Kd1 a2 71. Ke1 a1=Q+ 72. Ke2 Qc1 73. Kf3 0-1

[Event "Late-Titled-Tuesday-Blitz-April-16-2024"]
[Site "Chess.com"]
[Date "2024.04.16"]
[Round "10"]
[White "zano2023"]
[Black "masterofpuppets2"]
[Result "0-1"]
[WhiteElo "2199"]
[BlackElo "2499"]
[TimeControl "180+1"]
[EndTime "15:55:25 PDT"]
[Termination "masterofpuppets2 won by resignation"]

1. d4 d5 2. Nf3 c5 3. e3 Nc6 4. Nbd2 cxd4 5. exd4 Bf5 6. c3 e6 7. Qa4 Bd6 8. Bb5 Ne7 9. Ne5 Qc7 10. Ndf3 O-O 11. O-O f6 12. Nxc6 bxc6 13. Be2 e5 14. dxe5 fxe5 15. h3 e4 16. Nd4 Bd7 17. Qd1 c5 18. Nb5 Bxb5 19. Bxb5 Rad8 20. Bg5 h6 21. Bxe7 Bxe7 22. Be2 Qe5 23. Qa4 Bd6 24. g3 h5 25.
Rad1 Kh8 26. Qc6 Rf5 27. c4 d4 28. Qd5 Qxd5 29. cxd5 d3 30. Bxd3 exd3 31. Rxd3 Re8 32. Rfd1 Re2 33. R3d2 Rxd2 34. Rxd2 h4 35. Kg2 hxg3 36.
fxg3 g6 37. b3 Kg7 38. Rd3 Kf6 39. g4 Rf4 40. Re3 Be5 41. Re2 g5 42. Rd2 Rd4 43. Rf2+ Bf4 44. Rc2 Rxd5 45. Kf3 Ke5 46. Re2+ Kd6 47.
Rc2 Rd4 48. a3 a5 49. Ke2 Kd5 50. Rb2 Re4+ 51. Kf2 Be5 52. Rd2+ Bd4+ 53. Kg2 Re3 54. b4 axb4 55. axb4 cxb4 56. Ra2 b3 57. Ra5+ Ke4 58. Rxg5 b2 59. Rb5 Rd3 60. g5 Rd1 61. g6 b1=Q 62. Rxb1 Rxb1 63. h4 Kf5 64. h5 Kg5 65. Kf3 Kxh5 66. Ke4 Kxg6 0-1

[Event "Late-Titled-Tuesday-Blitz-April-16-2024"]
[Site "Chess.com"]
[Date "2024.04.16"]
[Round "10"]
[White "balachess2006"]
[Black "Zhigalko_Sergei"]
[Result "0-1"]
[WhiteElo "2690"]
[BlackElo "2914"]
[TimeControl "180+1"]
[EndTime "15:55:26 PDT"]
[Termination "Zhigalko_Sergei won by resignation"]

1. c4 e5 2. g3 Nf6 3. Bg2 c6 4. Nf3 d6 5. Nc3 Be7 6. d4 e4 7.
Nd2 d5 8. O-O O-O 9. cxd5 cxd5 10. Nb3 h6 11. Bf4 Be6 12. Nb5 Nc6 13. Nc7 Rc8 14.
Nxe6 fxe6 15. Bh3 Qd7 16. Rc1 b6 17. f3 Bd6 18. Bxd6 Qxd6 19. f4 Ne7 20. e3 Nf5 21.
Qd2 a5 22. Rxc8 Rxc8 23. Rc1 Qf8 24. Kf2 h5 25. Rxc8 Qxc8 26. Qc1 Qd7 27. Nd2 Ng4+ 28. Bxg4 hxg4 29. b3 Kh7 30. a4 Qe7 31. Nf1 Qd7 32. Qd1 Nh6 33. Qc2 Nf5 34. Qe2 Qc8 35.
Qxg4 Qc2+ 36. Qe2 Qxb3 37. Qh5+ Kg8 38. g4 Qc2+ 39. Kg1 Nd6 40. Qg6 Qc8 41. f5 Qe8 42.
Qg5 exf5 43. gxf5 b5 44. Ng3 bxa4 45. f6 Qf7 46. Nh5 Ne8 47. fxg7 a3 48. Qh6 Nxg7 49. Nf6+ Kf8 50. Qh8+ Ke7 51. Ng8+ Kd7 52. Qh3+ Ne6 53. Nh6 Qg6+ 54. Ng4 a2 55. Kf2 Qf5+ 56. Ke2 Qf3+ 0-1

[Event "Late-Titled-Tuesday-Blitz-April-16-2024"]
[Site "Chess.com"]
[Date "2024.04.16"]
[Round "10"]
[White "lluiss"]
[Black "Agustin_Meza"]
[Result "1-0"]
[WhiteElo "2123"]
[BlackElo "2172"]
[TimeControl "180+1"]
[EndTime "15:55:27 PDT"]
[Termination "lluiss won by checkmate"]

1. Nf3 c5 2. e4 Nc6 3. d4 cxd4 4. Nxd4 e5 5. Nxc6 bxc6 6. Bc4 Nf6 7. Nc3 Be7 8. O-O O-O 9. h3 Bb7 10. Bg5 h6 11. Bxf6 Bxf6 12. Qe2 Qe7 13. Rfd1 Rfd8 14.
Rd3 d6 15. Rad1 Rd7 16. g3 Rad8 17. h4 g5 18. hxg5 Bxg5 19. Kg2 Kg7 20. Qg4 d5 21. f4 exf4 22. gxf4 Bc8 23. fxg5 hxg5 24. Bb3 d4 25. Ne2 Rh8 26. Ng3 Rd6 27. Nf5+ Bxf5 28. Qxf5 Rdh6 29. Rg3 f6 30. e5 Rh2+ 31. Kf3 Rf8 32.
e6 d3 33. Rxd3 Rd8 34. Rh3 Rxh3+ 35. Qxh3 Rxd3+ 36. cxd3 Qc5 37. Qg4 Qc1 38. Qg2 Qf4+ 39. Ke2 Qe5+ 40. Qe4 Qxb2+ 41. Kf3 Qc1 42. e7 Qf1+ 43.
Ke3 Qe1+ 44. Kd4 Qb4+ 45. Ke3 Qe1+ 46. Kf3 Qf1+ 47. Kg4 Qg1+ 48. Kf5 Qf1+ 49. Ke6 f5 50. Qxf5 Qe1+ 51. Qe5+ Qxe5+ 52. Kxe5 Kg6 53. e8=Q+ Kh6 54. Qe6+ Kh5 55. Qf7+ Kg4 56. Bd1+ Kg3 57. Qf3+ Kh4 58. Qg4# 1-0

[Event "Late-Titled-Tuesday-Blitz-April-16-2024"]
[Site "Chess.com"]
[Date "2024.04.16"]
[Round "10"]
[White "ellatambien"]
[Black "Mikhail_Golubev"]
[Result "1-0"]
[WhiteElo "2720"]
[BlackElo "2586"]
[TimeControl "180+1"]
[EndTime "15:55:28 PDT"]
[Termination "ellatambien won on time"]

1. c4 g6 2. Nc3 Bg7 3. d4 d6 4. e4 Nf6 5. Nf3 O-O 6. Be2 e5 7. d5 Qe8 8. h3 Nh5 9. Ng1 f5 10.
Bxh5 gxh5 11. Nge2 Qg6 12. Rg1 fxe4 13. Be3 Na6 14.
Qd2 Nb4 15. O-O-O Nd3+ 16. Kb1 Nxf2 17. Rdf1 Nd3 18. Rxf8+ Kxf8 19. g4 hxg4 20. hxg4 Kg8 21. Ng3 Nf4 22. Ngxe4 Bd7 23. a3 Rf8 24. Ka2 Bxg4 25.
c5 h5 26. cxd6 cxd6 27. Bxa7 Kh7 28. Be3 Bh6 29. Nf2 Qf5 30. Nce4 Bf3 31. Nxd6 Bxd5+ 32. Ka1 Qe6 33. Nde4 Rg8 34. Rxg8 Kxg8 35. Bxf4 exf4 36. Qxd5 Qxd5 37. Nf6+ Kf7 38. Nxd5 Ke6 39. Nc3 f3 40. Kb1 Be3 41. Ncd1 Bd4 42. Kc2 Ke5 43. Kd3 b5 44. b3 Bc5 45. b4 Bd4 46. Nh3 h4 47. Ne3 Bb2 48. Nc2 Bc1 49. Ne1 Kf5 50. Nxf3 Kg4 51. Nfg1 Bxa3 52. Kc3 Kg3 53. Ng5 Bxb4+ 54. Kxb4 Kg2 55.
N5h3 Kg3 56. Kxb5 Kg2 57. Kc5 Kg3 58. Kd4 Kg4 59. Ke3 Kf5 60. Kf3 Ke6 61. Ne2 1-0

[Event "Late-Titled-Tuesday-Blitz-April-16-2024"]
[Site "Chess.com"]
[Date "2024.04.16"]
[Round "10"]
[White "KNVB"]
[Black "maximnovik"]
[Result "1-0"]
[WhiteElo "2777"]
[BlackElo "2574"]
[TimeControl "180+1"]
[EndTime "15:55:33 PDT"]
[Termination "KNVB won on time"]

1. e4 c6 2. Nc3 d5 3. f4 dxe4 4. Nxe4 Nd7 5. Qe2 Qc7 6. g3 Ngf6 7. Nf2 g6 8. b3 Bg7 9. Bb2 O-O 10. Nf3 b6 11. Bg2 a5 12. a4 Bb7 13. O-O c5 14.
Rfe1 e6 15. Ne5 Bxg2 16. Kxg2 Nxe5 17. Bxe5 Qc6+ 18. Qf3 Nd5 19. Ng4 Rad8 20. Bxg7 Kxg7 21. Ne5 Qc7 22. Re2 Ne7 23. g4 Rd4 24. Rf1 f6 25.
Nc4 Nd5 26. Re4 Rxe4 27. Qxe4 f5 28. gxf5 Rxf5 29. Ne5 Nxf4+ 30. Rxf4 Qxe5 31. Qb7+ Kh6 32. Rh4+ Rh5 33. Rxh5+ Qxh5 34. Qxb6 Qd5+ 35. Kg3 Qe5+ 36. Kf3 Qf5+ 37. Ke2 Qe5+ 38. Kd3 Qd4+ 39. Ke2 Qe4+ 40. Kf2 Qxc2 41. Qxa5 g5 42. Qc3 Qf5+ 43. Kg2 g4 44. a5 Qd5+ 45. Kf2 Kg5 46. Qe3+ Kf5 47. Kg3 h5 48. Qf4+ Kg6 49. Qe3 c4 50. b4 e5 51.
Kh4 Qd8+ 52. Kg3 Qd6 53. b5 e4+ 54. Kg2 h4 55. a6 h3+ 56. Kg1 Qe5 57. a7 Qa1+ 58. Kf2 Qf6+ 59. Ke2 Qf8 60. Qxe4+ Kh5 61. a8=Q 1-0

[Event "Late-Titled-Tuesday-Blitz-April-16-2024"]
[Site "Chess.com"]
[Date "2024.04.16"]
[Round "10"]
[White "Aygehovit1992"]
[Black "Denmark2015"]
[Result "1-0"]
[WhiteElo "2788"]
[BlackElo "2603"]
[TimeControl "180+1"]
[EndTime "15:55:35 PDT"]
[Termination "Aygehovit1992 won by resignation"]

1. e4 e6 2. d4 d5 3. Nc3 Be7 4. h4 h6 5. e5 c5 6. Qg4 Kf8 7. dxc5 Nc6 8. Nf3 Bxc5 9. Rh3 Nge7 10. a3 h5 11. Qf4 Ng6 12. Qh2 Qc7 13. Bd3 Ngxe5 14.
Bf4 Nxd3+ 15. cxd3 Qb6 16. Bd6+ Bxd6 17. Qxd6+ Ne7 18.
Qb4 Bd7 19. Ne5 Be8 20. Rf3 Qxb4 21. axb4 a6 22. b5 Kg8 23. Rf4 f6 24. Nf3 e5 25.
Rb4 d4 26. Ne4 Nd5 27. Rb3 a5 28. b6 Ra6 29. Nc5 Rxb6 30. Rxb6 Nxb6 31. Rxa5 Bc6 32. Nd2 Kf7 33. Nde4 Ke7 34. Nxb7 Bxb7 35. Ra7 Rb8 36. Nc5 Nc8 37. Rxb7+ Rxb7 38. Nxb7 Kd7 39. Nc5+ Kc6 40.
Ne6 g6 41. Nf8 Ne7 42. Nh7 f5 43. Kd2 Kc5 44. Ng5 Kb4 45. Nf7 Nc6 46. Nh8 Ne7 47.
Nf7 Nc6 48. Kc2 Ka4 49. g3 Kb4 50. f3 Ka4 51. Nd6 Kb4 52. Ne8 Ka4 53. Nf6 Kb4 54.
f4 Kc5 55. Nd7+ Kd6 56. Nxe5 Nxe5 57. fxe5+ Kxe5 58. Kd2 g5 59. hxg5 Ke6 60. b4 Kd5 61. b5 f4 62. gxf4 h4 63. Ke2 h3 64. Kf2 1-0

[Event "Late-Titled-Tuesday-Blitz-April-16-2024"]
[Site "Chess.com"]
[Date "2024.04.16"]
[Round "10"]
[White "eljanov"]
[Black "Harry_Rakkel"]
[Result "1-0"]
[WhiteElo "2897"]
[BlackElo "2718"]
[TimeControl "180+1"]
[EndTime "15:55:39 PDT"]
[Termination "eljanov won on time"]

1. Nf3 Nf6 2. g3 d5 3. Bg2 c6 4.
c4 dxc4 5. O-O Nbd7 6. Na3 Nb6 7. Qc2 Be6 8. Ne5 Qd4 9. Nxc6 bxc6 10. Bxc6+ Kd8 11.
Bxa8 Nxa8 12. d3 cxd3 13. Rd1 dxc2 14. Rxd4+ Bd7 15. Bf4 Ng4 16. Nc4 f6 17. Rd2 e5 18.
Be3 Nxe3 19. Nxe3 Bc5 20. Rc1 Bxe3 21. fxe3 Kc7 22. Rcxc2+ Bc6 23. Rd5 Rb8 24. Rdc5 Rb6 25. a4 Kb7 26. a5 Ra6 27. b4 Nc7 28. Rd2 Ne6 29. Rc1 Bb5 30. Rd5 Bxe2 31. Rd7+ Kb8 32.
Kf2 Bb5 33. Re7 Rd6 34. h4 h5 35. e4 a6 36. Rc2 Bd7 37. Ke3 g5 38. Rd2 Rxd2 39.
Kxd2 Kc8 40. Rh7 gxh4 41. gxh4 Nf4 42. Kc3 Bb5 43. Rh6 Kd7 44. Rxf6 Ke7 45. Rh6 Kf7 46. Kd2 Kg7 47. Rb6 Bf1 48. Ke3 Bc4 49. Rc6 Bb5 50.
Rc5 Kf6 51. Kf3 Ne6 52. Rc8 Nd4+ 53. Kg3 Nc6 54. Rh8 Kg6 55. Rg8+ Kf7 56. Rg5 Kf6 57. Rxh5 Nxb4 58. Rh6+ Kg7 59. Re6 Nc6 60. h5 Nxa5 61.
Kh4 Nc6 62. Kg5 a5 63. Rd6 1-0

[Event "Late-Titled-Tuesday-Blitz-April-16-2024"]
[Site "Chess.com"]
[Date "2024.04.16"]
[Round "10"]
[White "schachsensei_YT"]
[Black "JaackCamel"]
[Result "1-0"]
[WhiteElo "2280"]
[BlackElo "2217"]
[TimeControl "180+1"]
[EndTime "15:55:39 PDT"]
[Termination "schachsensei_YT won by resignation"]

1. Nf3 d5 2. g3 c5 3. Bg2 Nc6 4.
O-O Nf6 5. d3 e5 6. e4 Be7 7. exd5 Nxd5 8. Re1 f6 9. c3 O-O 10. d4 exd4 11. cxd4 c4 12. Nc3 Bb4 13. Bd2 Bxc3 14. bxc3 Bf5 15. Nh4 Bd3 16. Qg4 Nce7 17. Bh6 Ng6 18. Qe6+ Kh8 19. Nxg6+ hxg6 20. Bxg7+ Kxg7 21. Qxd5 Qxd5 22. Bxd5 Rfe8 23. Bxb7 Rab8 24. Bg2 Kf7 25. h4 Rb2 26. Bd5+ Kf8 27. Rxe8+ Kxe8 28. a4 Rc2 29. Ra3 Ke7 30. Kg2 a5 31. Bf3 Kd6 32. g4 Ke6 33. Kg3 Kf7 34. Bd5+ Ke7 35. h5 gxh5 36. gxh5 Kf8 37. Kf3 Kg7 38. Ke3 Re2+ 39. Kf3 Re1 40. Ra2 Rh1 41. Ke3 Rxh5 42.
Bf3 Rh3 43. Rb2 Bf5 44. Kf4 Bd3 45. Rb5 Rh4+ 46. Kg3 Rh8 47. Rxa5 Rb8 48. Rc5 Rb3 49. a5 Rxc3 50. Kf4 Ra3 51. Bd5 c3 52. Ke3 c2 53. Kd2 Bg6 54. f3 Ra1 55. Be4 Rd1+ 56.
Kxc2 Ra1 57. Bxg6 Kxg6 58. Kd3 Ra3+ 59. Ke4 f5+ 60. Rxf5 Ra4 61. Rc5 Kf6 62. f4 Ra3 63. f5 Ra1 64. Rc6+ Kf7 65. a6 Re1+ 66. Kd5 Ra1 67.
Rb6 Ra5+ 68. Ke4 Ke7 69. Rb7+ Kd6 70. a7 Kc6 71. Rh7 Ra4 72. f6 Kd6 73. f7 Ke7 74. f8=Q+ Kxf8 75. a8=Q+ Rxa8 76. Rh8+ Ke7 77. Rxa8 1-0

[Event "Late-Titled-Tuesday-Blitz-April-16-2024"]
[Site "Chess.com"]
[Date "2024.04.16"]
[Round "10"]
[White "dianamirza"]
[Black "egnfanclub"]
[Result "1/2-1/2"]
[WhiteElo "1971"]
[BlackElo "2366"]
[TimeControl "180+1"]
[EndTime "15:55:42 PDT"]
[Termination "Game drawn by repetition"]

1. e4 e5 2. Nf3 Nc6 3. Bb5 a6 4. Bxc6 dxc6 5. O-O Bg4 6. h3 h5 7. c3 Qf6 8. d4 exd4 9. cxd4 Bxf3 10. Qxf3 Qxd4 11.
Rd1 Qf6 12. Qb3 Bc5 13. Qxb7 Bxf2+ 14. Kh1 Rd8 15. Rxd8+ Qxd8 16. Qxc6+ Kf8 17. Nc3 Bb6 18. b3 Ne7 19. Ba3 Kg8 20. Bxe7 Qxe7 21. Nd5 Qe5 22.
Rf1 Rh6 23. Qa8+ Kh7 24. Nxb6 Rxb6 25. Rxf7 Qa1+ 26. Kh2 Rg6 27. Qd5 Kh6 28. Rf5 Rf6 29. Rxh5+ Kg6 30. Qg5+ Kf7 31. Qd5+ Kg6 32. Rg5+ Kh6 33. h4 Qe1 34. Rh5+ Kg6 35. Qg5+ Kf7 36. Rh7 Rg6 37. Qf5+ Rf6 38. Qd7+ Kg6 39. Rxg7+ Kh5 40. Rh7+ Rh6 41. Qf7+ Kg4 42. Rxh6 Qg3+ 43. Kh1 Qe1+ 44. Kh2 Qg3+ 45. Kg1 Qe1+ 46. Qf1 Qe3+ 47. Kh1 Qxh6 48. Qf3+ Kxh4 49. Qh3+ Kg5 50. Qxh6+ Kxh6 51. Kg1 Kg5 52. Kf2 Kf4 53. g3+ Kxe4 54. Ke2 c5 55. g4 Kf4 56. Kd3 Kxg4 57. Kc4 Kf5 58. Kxc5 Ke5 59. Kb6 Kd6 60. Kxa6 Kc6 61. a4 Kc7 62. b4 Kc6 63. Ka5 Kc7 64. Kb5 Kb7 65. Kc5 Ka7 66. b5 Kb7 67. a5 Kc7 68.
b6+ Kb7 69. Kb5 Ka8 70. a6 Kb8 71. Kc6 Ka8 72. Kd7 Kb8 73. a7+ Ka8 74. Kd8 Kb7 75. Kd7 Ka8 76. Kd6 Kb7 77. Kc5 Ka8 78. Kd6 Kb7 79. Kd5 Ka8 80. Ke6 Kb7 81. Kd7 Ka8 1/2-1/2